 Dungeon Crawl Stone Soup version 0.15-a0-1506-g1b030bc (console) character file.

80 Regeneration the Ruffian (level 4, 0/23 HPs)
             Began as a Vine Stalker Fighter on June 14, 2014.
             Killed from afar by cosh's ghost (12 damage)
             ... with a puff of frost
             ... on Level 4 of the Dungeon.
             The game lasted 00:04:10 (818 turns).

Regeneration the Ruffian (Vine Stalker Fighter)      Turns: 818, Time: 00:04:11

HP   0/23        AC  8     Str 19      XL: 4   Next: 39%
MP   0/5         EV  7     Int  8      God:
Gold 118         SH  9     Dex 14      Spells:  0 memorised,  3 levels left

rFire  . . .     SeeInvis .     b - +4,+2 short sword
rCold  . . .     Clarity  .     s - +2 ring mail
rNeg   . . .     rCorr    .     c - +0 shield
rPois  .         rRot     +     (no helmet)
rElec  .         Spirit   +     (no cloak)
SustAb .         Warding  .     h - +0 pair of gloves
rMut   .         Stasis   .     (no boots)
Gourm  .                        (no amulet)
MR     .....                    (no ring)
                                (no ring)

@: not resistant to hostile enchantments, very unstealthy
A: fangs 2, regeneration 1, magic shield, antimagic bite, no device heal 3, rot
immunity
a: no special abilities


You were on level 4 of the Dungeon.
You were not hungry.

You visited 1 branch of the dungeon, and saw 4 of its levels.

You collected 118 gold pieces.

Inventory:

Hand weapons
 a - a +0,+0 cutlass
 b - a +4,+2 short sword (weapon)
Armour
 c - a +0 shield (worn)
 h - a +0 pair of gloves (worn)
 s - a +2 ring mail (worn)
Comestibles
 d - a bread ration
Scrolls
 g - a scroll of enchant armour {unknown}
 k - 2 scrolls of remove curse {unknown}
 l - a scroll of identify {unknown}
Potions
 e - a potion of might
 f - 3 potions of curing {unknown}
 i - a potion of brilliance {unknown}
 j - a potion of magic {unknown}
 m - a potion of agility {unknown}
 n - a potion of heal wounds {unknown}
 p - a potion of degeneration {unknown}
 q - a potion of confusion {unknown}
 r - a potion of restore abilities {unknown}


   Skills:
 - Level 2.6 Fighting
 - Level 1.7 Short Blades
 - Level 2.4 Armour
 - Level 2.6 Shields
 + Level 3.9 Unarmed Combat


You had 3 spell levels left.
You didn't know any spells.

Dungeon Overview and Level Annotations

Branches:
Dungeon (4/15)
 Temple: D:4-7

Altars:
Ashenzari

Annotations:
D:4 cosh's ghost, average GrIE


Innate Abilities, Weirdness & Mutations

You have extremely sharp teeth.
Your natural rate of healing is unusually fast.
When hurt, damage is shared between your health and your magic reserves.
Your bite disrupts and absorbs the magic of your enemies.
Potions and wands cannot restore your health.
You are immune to rotting.


Message History

Cosh's ghost hits you but does no damage.
You hit cosh's ghost but do no damage.
Cosh's ghost is severely damaged.
Cosh's ghost hits you.
You hit cosh's ghost but do no damage. Your bite misses cosh's ghost.
Cosh's ghost is severely damaged.
Cosh's ghost hits you but does no damage.
You barely miss cosh's ghost. Your bite misses cosh's ghost.
Cosh's ghost is severely damaged.
You block cosh's ghost's attack.
You barely miss cosh's ghost.
Cosh's ghost is severely damaged.
You block cosh's ghost's attack.
You hit cosh's ghost.
You bite cosh's ghost, but do no damage.
Cosh's ghost is almost destroyed.
Cosh's ghost points at you and mumbles some strange words.
The puff of frost hits you!
Ouch! That really hurt!
You die...

.................#
..................#
......>........#..###
..#............#......
##...........+.......
##..........#.......
##.....#...#....... ..
##....###W#........
...######.#...@..........
..............###'###....
...............# ...
...............# ...#
...............# ...#
..............# ...#
#########.....+ ...#
#.....# ...# #.....# .


You could see cosh's ghost.

Vanquished Creatures
  Natasha (twice) (D:3)
  Terence (D:3)
  An adder (D:4)
  2 orcs (D:3)
  2 bats
  3 hobgoblins
  2 quokkas
  A ball python (D:3)
  3 giant newts
  3 goblins
  4 kobolds
  A rat (D:4)
25 creatures vanquished.

Notes
Turn   | Place    | Note
--------------------------------------------------------------
     0 | D:1      | Regeneration, the Vine Stalker Fighter, began the quest for the Orb.
     0 | D:1      | Reached XP level 1. HP: 11/11 MP: 1/1
    76 | D:1      | Reached skill level 1 in Unarmed Combat
    84 | D:1      | Found a shattered altar of Ashenzari.
   112 | D:1      | Reached XP level 2. HP: 14/16 MP: 3/3
   215 | D:3      | Noticed Terence
   251 | D:3      | Killed Terence
   337 | D:3      | Reached XP level 3. HP: 15/19 MP: 2/4
   573 | D:3      | Noticed Natasha
   592 | D:3      | Killed Natasha
   592 | D:3      | Reached skill level 3 in Unarmed Combat
   592 | D:3      | Reached XP level 4. HP: 4/23 MP: 2/5
   681 | D:3      | Noticed Natasha
   694 | D:3      | Killed Natasha
   781 | D:4      | Noticed cosh's ghost (average GrIE)
   818 | D:4      | Killed from afar by cosh's ghost

Action                   |  1- 3 |  4- 6 || total
-------------------------+-------+-------++-------
Melee: Cutlass           |    66 |       ||    66
       Short sword       |    13 |    36 ||    49
